 Dungeon Crawl Stone Soup version 0.22-a0-830-gf552829 (webtiles) character file.

13402 tatocazan the Fighter (level 11, -3/108 HPs)
             Began as a Minotaur Fighter on July 24, 2018.
             Was an Elder of Okawaru.
             Slain by a killer bee (4 damage)
             ... on level 2 of the Lair of Beasts.
             The game lasted 00:21:10 (9419 turns).

tatocazan the Fighter (Minotaur Fighter)            Turns: 9419, Time: 00:21:11

Health: -3/108     AC: 19    Str: 21    XL:     11   Next: 75%
Magic:  12/12      EV:  6    Int:  9    God:    Okawaru [****..]
Gold:   606        SH: 15    Dex: 16    Spells: 10/10 levels left

rFire    + . .     SeeInvis .   x - +3 falchion (elec)
rCold    . . .     Gourm    .   c - +2 shield
rNeg     . . .     Faith    .   K - +0 plate armour
rPois    +         Spirit   .   (helmet restricted)
rElec    +         Reflect  .   (no cloak)
rCorr    .         Harm     .   e - +1 pair of gloves {Dex+3}
MR       .....                  G - +0 pair of boots
Stlth    ..........             y - amulet of Amorality {Acrobat rElec rF+ Int+4 Slay+3}
HPRegen  0.28/turn              o - ring of poison resistance
MPRegen  0.13/turn              C - +3 ring of protection

@: lethally poisoned (-3 -> -5)
A: retaliatory headbutt, horns 2
a: Heroism, Renounce Religion


You were on level 2 of the Lair of Beasts.
You worshipped Okawaru.
Okawaru was greatly pleased with you.
You were not hungry.

You visited 3 branches of the dungeon, and saw 14 of its levels.

You collected 746 gold pieces.
You spent 140 gold pieces at shops.

Inventory:

Hand Weapons
 a - a +0 long sword
 x - a +3 falchion of electrocution (weapon)
 F - a +4 dagger of chaos
Armour
 b - a +0 scale mail
 c - a +2 shield (worn)
 e - a +1 pair of gloves of dexterity (worn)
 G - a +0 pair of boots (worn)
 K - a +0 plate armour (worn)
Jewellery
 o - a ring of poison resistance (left hand)
 q - an uncursed ring of resist corrosion {unknown}
 v - an uncursed ring of protection from fire
 y - the amulet of Amorality (around neck) {Acrobat rElec rF+ Int+4 Slay+3}
   (You bought it in a shop on level 5 of the Dungeon)

   [amulet of the acrobat]

   It helps you evade while moving and waiting.
   It affects your intelligence (+4).
   It affects your accuracy and damage with ranged weapons and melee attacks
   (+3).
   It protects you from fire.
   It insulates you from electricity.
 C - a +3 ring of protection (right hand)
Wands
 z - a wand of polymorph (28)
 E - a wand of random effects (62)
 L - a wand of enslavement (12)
 M - a wand of paralysis (17)
Scrolls
 g - 5 scrolls of identify
 i - 3 scrolls of teleportation
 j - 2 scrolls of fog
 l - 7 scrolls of remove curse
 m - a scroll of blinking
 s - 4 scrolls of fear
 t - a scroll of amnesia
 D - a scroll of silence {unknown}
 H - 2 scrolls of enchant armour
 J - a scroll of magic mapping {unknown}
 N - a scroll of enchant weapon {unknown}
Potions
 d - 6 potions of might
 h - a potion of cancellation
 k - 10 potions of curing
 n - 5 potions of heal wounds
 p - 3 potions of lignification
 r - 2 potions of resistance
 u - a potion of flight
 w - 3 potions of haste
 A - 2 potions of degeneration
 B - 2 potions of brilliance
Comestibles
 f - 34 rations


   Skills:
 - Level 13.9 Fighting
 - Level 12.0 Long Blades
 * Level 6.5 Armour
 - Level 12.0 Shields
 + Level 2.9 Invocations


You had 10 spell levels left.
You didn't know any spells.
Your spell library contained the following spells:

 Spells                   Type           Power        Failure   Level  Hunger
 Magic Dart               Conj           #...         100%        1    ##.....
 Apportation              Tloc           #.....       100%        1    ##.....
 Conjure Flame            Conj/Fire      #.......     100%        3    ####...
 Slow                     Hex            #.......     100%        2    ###....
 Mephitic Cloud           Conj/Pois/Air  #.......     100%        3    ####...
 Summon Small Mammal      Summ           #...         100%        1    ##.....
 Blink                    Tloc           N/A          100%        2    ###....
 Animate Skeleton         Necr           N/A          100%        1    ##.....
 Call Imp                 Summ           #.......     100%        2    ###....
 Confusing Touch          Hex            #.....       100%        1    ##.....


Dungeon Overview and Level Annotations

Branches:
Dungeon (11/15)            Temple (1/1) D:4            Lair (2/6) D:10
    Orc (0/2) D:9
  Swamp: Lair:2-4    Shoals: Lair:2-4     Snake: Lair:2-4    Spider: Lair:2-4

Altars:
Ashenzari
Cheibriados
Dithmenos
Elyvilon
Fedhas
Gozag
Hepliaklqana
Kikubaaqudgha
Makhleb
Nemelex Xobeh
Okawaru
Qazlal
Ru
Sif Muna
Trog
Uskayaw
Vehumet
Wu Jian
Xom
Yredelemnul
Zin
The Shining One

Shops:
D:5 (((**   D:6 *


Innate Abilities, Weirdness & Mutations

You reflexively headbutt those who attack you in melee.
You have a pair of horns on your head.


Message History

You miss the killer bee. You block the killer bee's attack. x3
The killer bee stings you but does no damage.
The bullfrog hits you but does no damage.
The killer bee barely misses you.
A killer bee comes into view.
The killer bee stings you.
* * * LOW HITPOINT WARNING * * *
You are lethally poisoned!
The killer bee poisons you!
The killer bee stings you but does no damage. x2
You miss the killer bee.
* * * LOW HITPOINT WARNING * * *
You feel sick.
The killer bee buzzes angrily.
You hear a loud, deep croak!
You hear an angry buzzing noise.
You block the killer bee's attack.
The killer bee stings you but does no damage.
The bullfrog hits you but does no damage.
The killer bee stings you.
You die...

#...........#
#...........#
#...........#
#...........#
#....h......#
##...........
♣P..yl.......
♣.y@y.....#
♣.♣Fyy....##
♣yyyy.....P.
♣.♣♣♣........
.. ♣♣....#..
♣♣ .......
......#
.......
♣......


You could see a komodo dragon, a wolf, a bullfrog and 9 killer bees.

Vanquished Creatures
  Snorg (D:10)
  Erolcha (D:10)
  Joseph (D:7)
  Psyche (D:8)
  A spiny frog (Lair:1)
  Grinder (D:3)
  Prince Ribbit (D:7)
  3 blink frogs (Lair:1)
  4 hippogriffs
  4 hogs (D:7)
  3 wyverns (D:10)
  15 yaks
  A hungry ghost (D:9)
  2 steam dragons
  A human (D:7)
  2 insubstantial wisps (D:8)
  4 water moccasins
  A porcupine (Lair:1)
  3 ice beasts
  A necrophage (D:8)
  4 sky beasts
  5 orc warriors
  5 wolves (Lair:1)
  4 ogres
  The ghost of tigertrap the Conjurer, an amateur DgCj (D:3)
  A centaur (D:7)
  3 crocodiles
  6 bullfrogs
  3 scorpions
  17 killer bees
  7 crimson imps
  A jelly (D:10)
  5 hounds
  2 centaur skeletons
  7 orc priests
  Jessica (D:3)
  Terence (D:3)
  Natasha (thrice) (D:3)
  2 iguanas
  6 orc wizards
  2 worker ants (D:8)
  A killer bee zombie (D:7)
  A hound zombie (D:7)
  A hound skeleton (D:10)
  A worker ant zombie (D:10)
  7 adders
  2 shadow imps
  An ooze (D:3)
  2 worms
  6 dart slugs
  6 leopard geckos
  42 orcs
  6 bats
  7 giant cockroaches
  6 goblins
  2 hobgoblins
  11 kobolds
  4 quokkas
  A ball python (D:1)
  4 frilled lizards
  3 jackal skeletons
  11 rats
262 creatures vanquished.

Vanquished Creatures (others)
  2 fungi (Lair:1)
  2 plants (Lair:1)
4 creatures vanquished.

Grand Total: 266 creatures vanquished

Notes
Turn   | Place    | Note
-------+----------+-------------------------------------------
     0 | D:1      | tatocazan the Minotaur Fighter began the quest for the Orb.
     0 | D:1      | Reached XP level 1. HP: 19/19 MP: 0/0
   139 | D:1      | Reached XP level 2. HP: 26/26 MP: 1/1
   535 | D:1      | Reached XP level 3. HP: 31/31 MP: 2/2
   999 | D:2      | Reached skill level 5 in Long Blades
  1343 | D:2      | Reached XP level 4. HP: 29/39 MP: 3/3
  1607 | D:3      | Noticed Jessica
  1615 | D:3      | Killed Jessica
  1679 | D:3      | Noticed Grinder
  1685 | D:3      | Paralysed by Grinder for 5 turns
  1714 | D:3      | Paralysed by Grinder for 4 turns
  1719 | D:3      | Killed Grinder
  1719 | D:3      | Reached XP level 5. HP: 7/45 MP: 4/4
  1719 | D:3      | Reached XP level 6. HP: 8/51 MP: 5/5
  2023 | D:3      | Found a basalt altar of Yredelemnul.
  2070 | D:3      | Noticed tigertrap's ghost (amateur DgCj)
  2072 | D:3      | Found a runed door.
  2391 | D:3      | Noticed Terence
  2405 | D:3      | Killed Terence
  2469 | D:3      | Noticed Natasha
  2473 | D:3      | Killed Natasha
  2521 | D:3      | Noticed Natasha
  2527 | D:3      | Reached XP level 7. HP: 34/57 MP: 6/6
  2529 | D:3      | Killed Natasha
  2619 | D:3      | Noticed Natasha
  2626 | D:3      | Killed Natasha
  2759 | D:3      | Killed tigertrap's ghost
  2808 | D:4      | Found a staircase to the Ecumenical Temple.
  2838 | D:4      | Reached skill level 10 in Long Blades
  3052 | D:4      | Found a stormy altar of Qazlal.
  3257 | D:4      | Found a glowing golden altar of the Shining One.
  3352 | D:4      | Found a sacrificial altar of Ru.
  3580 | D:5      | Entered Level 5 of the Dungeon
  3599 | D:5      | Found Guduh's Weapon Emporium.
  3612 | D:5      | You fall through a shaft!
  3612 | D:6      | Found a hide-covered altar of Uskayaw.
  3733 | D:5      | Found Tevuf's Assorted Antiques.
  3741 | D:5      | Bought a smoking zirconium amulet for 140 gold pieces
  3741 | D:5      | Identified the amulet of Amorality {Acrobat rElec rF+ Int+4 Slay+3} (You bought it in a shop on level 5 of the Dungeon)
  3904 | D:5      | Found Ostruq's General Store.
  3941 | D:5      | Found a shadowy altar of Dithmenos.
  3988 | D:5      | Found Ucro's Weapon Shoppe.
  4018 | D:5      | Reached XP level 8. HP: 64/64 MP: 7/7
  4059 | D:5      | Found Xiom's Weapon Emporium.
  4222 | D:6      | Found Gozag's Platinum Reserve.
  4280 | D:6      | Found an opulent altar of Gozag.
  4422 | D:6      | Reached skill level 4 in Fighting
  4537 | D:7      | Reached skill level 5 in Fighting
  4563 | D:7      | Noticed a hippogriff
  4567 | D:7      | Killed a hippogriff
  4567 | D:7      | Reached skill level 6 in Fighting
  4569 | D:7      | Reached skill level 7 in Fighting
  4787 | D:7      | Found a basalt altar of Yredelemnul.
  4823 | D:7      | Noticed a hippogriff
  4999 | D:7      | Found a shattered altar of Ashenzari.
  5000 | D:7      | Noticed Prince Ribbit
  5004 | D:7      | Killed Prince Ribbit
  5004 | D:7      | Reached skill level 8 in Fighting
  5004 | D:7      | Reached XP level 9. HP: 81/82 MP: 8/8
  5027 | D:7      | Found a shimmering altar of Xom.
  5069 | D:7      | Noticed Joseph
  5081 | D:7      | Killed Joseph
  5081 | D:7      | Reached skill level 9 in Fighting
  5162 | D:7      | Reached skill level 10 in Fighting
  5171 | D:7      | Reached skill level 11 in Fighting
  5670 | D:8      | Noticed Psyche
  5675 | D:8      | Killed Psyche
  5675 | D:8      | Reached skill level 12 in Fighting
  5690 | D:8      | Reached XP level 10. HP: 78/99 MP: 9/9
  5923 | D:8      | Reached skill level 13 in Fighting
  6237 | D:8      | Found a snail-covered altar of Cheibriados.
  6238 | D:8      | Found a bloodstained altar of Trog.
  6596 | D:9      | Found a white marble altar of Elyvilon.
  6753 | Temple   | Entered the Ecumenical Temple
  6850 | Temple   | Became a worshipper of Warmaster Okawaru
  7061 | D:9      | Reached skill level 5 in Shields
  7180 | D:9      | Found a staircase to the Orcish Mines.
  7625 | D:10     | Entered Level 10 of the Dungeon
  7769 | D:10     | Reached * piety under Okawaru
  7796 | D:10     | Found a staircase to the Lair.
  7937 | D:10     | Reached ** piety under Okawaru
  8010 | D:10     | Noticed Snorg
  8019 | D:10     | Killed Snorg
  8019 | D:10     | Reached XP level 11. HP: 67/108 MP: 10/10
  8249 | D:10     | Reached skill level 10 in Shields
  8267 | D:10     | Noticed Erolcha
  8272 | D:10     | Killed Erolcha
  8272 | D:10     | Reached *** piety under Okawaru
  8714 | Lair:1   | Entered Level 1 of the Lair of Beasts
  8830 | Lair:1   | Reached **** piety under Okawaru
  8833 | Lair:1   | Reached skill level 1 in Invocations
  8983 | Lair:1   | Reached skill level 5 in Armour
  9417 | Lair:2   | HP: 3/108 [killer bee (4)]
  9419 | Lair:2   | HP: 1/108 [poisoned by a killer bee]
  9419 | Lair:2   | Slain by a killer bee

Vault maps used:
D:1:      giann_wishing_wells
D:2:      minivault_27
D:3:      cheibrodos_pilgrimage, overflow_temple_1_default, first_ration,
          hellmonk_ghost_happy_afterlife, st_stairs_12, skrybe_limestone_x,
          uniq_terence, uniq_grinder, uniq_natasha, uniq_jessica
D:4:      lemuel_upstairs_altar, kennysheep_mini, nicolae_tso_carved_into_rock,
          minmay_temple_entry_poolview, grunt_qazlal_clouds
D:5:      grunt_dithmenos_smoke_and_mirrors, serial_shops, shop,
          nicolae_shop_competitors_out_of_business, shop_fountains, shop_statue,
          shop_statue
D:6:      nicolae_overflow_crystal_walls, nicolae_gozag_zags_fifth_avenue
D:7:      ashenzari_altar_1, lemuel_crystal_altar, grunt_livestock,
          yredelemnul_altar_generic, uniq_prince_ribbit1, uniq_joseph
D:8:      gammafunk_temple_overflow_statue, hangedman_misty_isle, uniq_psyche
D:9:      overflow_temple_1_default, david_orc_1_choice, lightli_orcish_oven
D:10:     erik_lair_dragon, stair_cage_line, uniq_snorg, uniq_erolcha
Temple:   zaba_magenta_temple
Lair:1:   minmay_holes
Lair:2:   wad_woods_minihive, gammafunk_ghost_icy

Skill      XL: |  1  2  3  4  5  6  7  8  9 10 11 |
---------------+----------------------------------+-----
Long Blades    | 3 4 5 8 9 11 12 | 12.0
Fighting       | 8 12 13 | 13.9
Shields        | 9 12 | 12.0
Armour         | 6 |  6.5
Invocations    | 2 |  2.9

Action                   |  1- 3 |  4- 6 |  7- 9 | 10-12 || total
-------------------------+-------+-------+-------+-------++-------
Melee: Long sword        |    67 |    69 |       |       ||   136
       Headbutt          |    13 |    22 |    45 |    74 ||   154
       Falchion          |       |    35 |   184 |   334 ||   553
Invok: Heroism           |       |       |       |     1 ||     1
  Use: Scroll            |       |       |       |    17 ||    17
  Eat: Chunk             |     1 |     4 |    10 |    13 ||    28
Armor: Scale mail        |    38 |    48 |    65 |    46 ||   197
       Plate armour      |       |       |       |    96 ||    96
Dodge: Dodged            |    11 |    24 |    45 |    78 ||   158
Block: Shield            |    30 |    52 |    71 |   206 ||   359
       Rpst.: Long sword |     3 |     6 |       |       ||     9
       Falchion          |       |     1 |    15 |    20 ||    36

Table legend:
 A = Spawn XP
 B = Non-spawn XP
 C = Spawn XP percentage of total XP
 D = Spawn monster count
 E = Non-spawn monster count
 F = Spawn count percentage of total count
 G = Total turns spent on level
                    A         B        C        D         E        F      G
               +---------+---------+-------+---------+---------+-------+---------
         Total |       0 |   19147 |   0.0 |       0 |     262 |   0.0 |  9419
               +---------+---------+-------+---------+---------+-------+---------
           D:1 |       0 |      43 |   0.0 |       0 |      22 |   0.0 |   680
           D:2 |       0 |      65 |   0.0 |       0 |      19 |   0.0 |  1149
           D:3 |       0 |     863 |   0.0 |       0 |      48 |   0.0 |   959
           D:4 |       0 |     324 |   0.0 |       0 |      13 |   0.0 |   834
           D:5 |       0 |     187 |   0.0 |       0 |      11 |   0.0 |   550
           D:6 |       0 |     441 |   0.0 |       0 |      10 |   0.0 |   397
           D:7 |       0 |    2987 |   0.0 |       0 |      25 |   0.0 |  1207
           D:8 |       0 |    2377 |   0.0 |       0 |      24 |   0.0 |   798
           D:9 |       0 |    1465 |   0.0 |       0 |      30 |   0.0 |   936
          D:10 |       0 |    4771 |   0.0 |       0 |      24 |   0.0 |  1087
        Lair:1 |       0 |    4979 |   0.0 |       0 |      27 |   0.0 |   684
        Lair:2 |       0 |     645 |   0.0 |       0 |       9 |   0.0 |    21
               +---------+---------+-------+---------+---------+-------+---------
